 Dungeon Crawl Stone Soup version 0.23-a0-78-gc252fe1 (webtiles) character file.

2292 smeego the Slasher (level 9, 0/61 HPs)
             Began as an Octopode Fighter on Aug 10, 2018.
             Slain by a gnoll
             ... wielding a +0 trident
              (4 damage)
             ... on level 8 of the Dungeon.
             The game lasted 00:08:45 (4890 turns).

smeego the Slasher (Octopode Fighter)               Turns: 4890, Time: 00:08:45

Health: 0/61       AC:  1    Str: 15    XL:     9   Next: 40%
Magic:  9/9        EV: 13    Int: 10    God:
Gold:   310        SH:  9    Dex: 12    Spells: 8/8 levels left

rFire    . . .     SeeInvis .   a - +0 long sword
rCold    . . .     Gourm    .   b - +0 shield
rNeg     . . .     Faith    .   (helmet restricted)
rPois    .         Spirit   .   (no amulet)
rElec    .         Reflect  .   y - -3 ring of dexterity (curse)
rCorr    .         Harm     .   (no ring)
MR       .....                  (no ring)
Stlth    ++++......             (no ring)
HPRegen  0.20/turn              (no ring)
MPRegen  0.11/turn              (no ring)
                                (no ring)
                                (no ring)

@: no status effects
A: almost no armour, stealthy swim, amphibious, 8 rings, constrict 8, camouflage
1, gelatinous body 1
a: no special abilities


You were on level 8 of the Dungeon.
You were not hungry.

You visited 1 branch of the dungeon, and saw 8 of its levels.
You also visited: Ossuary.

You collected 310 gold pieces.

Inventory:

Hand Weapons
 a - a +0 long sword (weapon)
 f - a cursed -2 short sword
 p - a +2 short sword of freezing
 t - a +0 dagger of venom
Missiles
 A - 27 bolts
Armour
 b - a +0 shield (worn)
Jewellery
 y - a cursed -3 ring of dexterity (left tentacle)
Scrolls
 e - a scroll of amnesia
 g - a scroll of fog
 j - a scroll of blinking
 l - a scroll of immolation
 n - 3 scrolls of remove curse {unknown}
 o - 2 scrolls of teleportation {unknown}
 u - a scroll of brand weapon {unknown}
 w - a scroll of enchant armour {unknown}
 B - a scroll of random uselessness {unknown}
 C - 3 scrolls of identify
Potions
 c - a potion of might
 k - a potion of agility
 m - 3 potions of brilliance
 q - a potion of curing
 s - 2 potions of flight
 v - a potion of haste
Comestibles
 d - 7 rations


   Skills:
 + Level 5.4 Fighting
 * Level 6.8 Long Blades
 + Level 5.5 Dodging
 + Level 6.2 Stealth
 + Level 5.4 Shields
 + Level 4.4 Unarmed Combat
   Level 1.2 Evocations


You had 8 spell levels left.
You didn't know any spells.
Your spell library was empty.

Dungeon Overview and Level Annotations

Branches:
Dungeon (8/15)
 Temple: D:4-7         Lair: D:8-11

Altars:

Shops:
D:4 (

Annotations:
D:3 Robin
D:4 1 runed door, YouKnowWho's ghost, amateur GrFi
D:6 Edmund


Innate Abilities, Weirdness & Mutations

You cannot wear most types of armour.
You are very stealthy in the water. (Stealth+)
You are amphibious.
You can wear up to eight rings at the same time.
You can use your tentacles to constrict eight enemies at once.
Your skin changes colour to match your surroundings (Stealth+).
Your rubbery body absorbs attacks. (AC +1, EV +1)


Message History

The big kobold hits you but does no damage.
Items here: $ ) = † a club; a knobbly copper ring; 15 gold pieces; a gnoll corpse You slash the big kobold!
You grab the big kobold.
The big kobold is severely wounded.
You constrict the big kobold. The big kobold hits you with a dagger.
* * * LOW HITPOINT WARNING * * *
You hit the big kobold but do no damage.
The big kobold is severely wounded.
You constrict the big kobold.
The big kobold hits you but does no damage.
You hit the big kobold.
The big kobold is almost dead.
You constrict the big kobold.
You kill the big kobold!
You hit the adder. You grab the adder. You squeeze the adder!
You kill the adder!
You block the gnoll's attack. The gnoll hits you with a trident.
You die...

*,,,,,#.#***#.#.,,***,,*
,,,,,,,..,...>.,....,,,****
,,,,,,,,..,...#*....,,,,,,*
***,#,**#.*#..##..#*,,*****
***,#.###.##......##,,*
,,,,#...............,,*
****#.....)........,,,*
,,,,...........###########
,,,,..........hg@)(......#
**,*.####.#...#####'######
,,,,,,......#........#
,,,*,,.....##........#
,,,,.......*#........#
.#.#.......,#........#
.#.###.##..,#.#####'########
..........,...# #........#
.#.....#*,.#..#######...##.#


You could see a hound and a gnoll.

Vanquished Creatures
  A kobold demonologist (D:8)
  Eustachio (D:4)
  Duvessa (D:4)
  A phantom (D:5)
  2 ogres (D:4)
  2 ice beasts
  A centaur (D:8)
  4 big kobolds (D:8)
  An elf zombie (Ossuary)
  2 bullfrogs (D:8)
  Blork the orc (D:4)
  Dowan (D:4)
  A scorpion (D:8)
  An orc priest (D:8)
  3 jellies
  2 orc wizards
  Natasha (D:2)
  2 worker ants
  4 mummies
  9 gnolls
  7 adders
  7 oozes (D:2)
  2 adder zombies (Ossuary)
  A worm (D:5)
  2 dart slugs
  4 leopard geckos
  8 orcs
  3 bats (D:1)
  A giant cockroach (D:1)
  6 goblins
  6 hobgoblins
  10 jackals
  4 quokkas
  A ball python (D:1)
  2 frilled lizards
  A goblin zombie (Ossuary)
  7 hobgoblin zombies
  23 kobolds
  2 kobold zombies (Ossuary)
  An orc zombie (D:4)
  6 quokka zombies
  6 rats
  A rat zombie (Ossuary)
152 creatures vanquished.

Vanquished Creatures (others)
  A gnoll sergeant (D:8)
  2 orcs (D:8)
  2 kobolds (D:8)
  4 fungi (D:2)
  5 toadstools (D:2)
14 creatures vanquished.

Grand Total: 166 creatures vanquished

Notes
Turn   | Place    | Note
-------+----------+-------------------------------------------
     0 | D:1      | smeego the Octopode Fighter began the quest for the Orb.
     0 | D:1      | Reached XP level 1. HP: 16/16 MP: 1/1
    75 | D:1      | Reached XP level 2. HP: 11/21 MP: 2/2
   233 | D:1      | Reached skill level 1 in Stealth
   433 | D:1      | Reached XP level 3. HP: 26/26 MP: 3/3
   609 | D:2      | Reached skill level 1 in Unarmed Combat
   609 | D:2      | Reached XP level 4. HP: 10/31 MP: 4/4
   916 | D:2      | Noticed Natasha
   921 | D:2      | Killed Natasha
  1052 | D:2      | Reached XP level 5. HP: 13/36 MP: 5/5
  1735 | D:2      | Reached XP level 6. HP: 20/42 MP: 6/6
  1788 | D:3      | Noticed Robin
  1852 | D:4      | HP: 2/42 [ogre/giant club (28)]
  1854 | D:4      | Reached skill level 1 in Evocations
  1956 | D:4      | Noticed Eustachio
  1969 | D:4      | Found a sand-covered staircase.
  1978 | Ossuary  | Entered an ossuary
  2032 | Ossuary  | Reached XP level 7. HP: 33/47 MP: 7/7
  2262 | D:4      | Noticed Blork the orc
  2269 | D:4      | Killed Blork the orc
  2324 | D:4      | Found Urumojacev's Weapon Shoppe.
  2339 | D:4      | Found a runed door.
  2403 | D:4      | Killed Eustachio
  2944 | D:4      | Noticed YouKnowWho's ghost (amateur GrFi)
  2964 | D:4      | Noticed Duvessa
  2965 | D:4      | Noticed Dowan
  2979 | D:4      | Killed Duvessa
  2982 | D:4      | Killed Dowan
  2982 | D:4      | Reached XP level 8. HP: 21/54 MP: 8/8
  3059 | D:4      | Reached skill level 5 in Long Blades
  3293 | D:5      | Entered Level 5 of the Dungeon
  3853 | D:6      | Noticed Edmund
  4141 | D:6      | You fall through a shaft for 2 floors!
  4477 | D:8      | Reached skill level 5 in Stealth
  4577 | D:8      | Reached skill level 5 in Dodging
  4583 | D:8      | Noticed a kobold demonologist
  4596 | D:8      | Reached skill level 5 in Fighting
  4608 | D:8      | Killed a kobold demonologist
  4608 | D:8      | Reached skill level 5 in Shields
  4608 | D:8      | Reached XP level 9. HP: 61/61 MP: 9/9
  4718 | D:8      | HP: 3/61 [kobold (3)]
  4886 | D:8      | HP: 3/61 [big kobold/dagger (6)]
  4890 | D:8      | Slain by a gnoll

Vault maps used:
D:1:      lightli_arrival_isolated_outpost
D:2:      cheibrodos_fertilizer, uniq_natasha
D:3:      first_ration, kennysheep_decorative_pillar, serial_bayou_lagoon_b,
          uniq_robin
D:4:      ebering_ghost_inner_flame, nicolae_ossuary_entry_giza, serial_shops,
          shop, uniq_blork_the_orc, uniq_eustachio, uniq_duvessa
D:5:      serial_bayou, serial_bayou_lake_a, serial_bayou_pond_e,
          serial_bayou_lagoon_a, serial_bayou_pond_d, serial_bayou_shore_b
D:6:      old_standard_altar, minitemple,
          chequers_temple_overflow_statue_of_worship, uniq_edmund
D:7:      lemuel_doored_altar, temple_statues, serial_shops,
          nicolae_shop_crystal, uniq_crazy_yiuf_cottage, uniq_harold
D:8:      special_room, minmay_misc_feat_rows
Ossuary:  ossuary_minmay_chase

Skill      XL: |  1  2  3  4  5  6  7  8  9 |
---------------+----------------------------+-----
Stealth        | 1 2 3 4 5 6 |  6.2
Unarmed Combat | 1 2 3 4 |  4.4
Long Blades    | 3 4 6 |  6.8
Evocations     | 1 |  1.2
Dodging        | 4 5 |  5.5
Shields        | 4 5 |  5.4
Fighting       | 4 5 |  5.4

Action                   |  1- 3 |  4- 6 |  7- 9 || total
-------------------------+-------+-------+-------++-------
Melee: Long sword        |    35 |    97 |   230 ||   362
       Tentacles         |    11 |    30 |    52 ||    93
       Constrict         |    11 |    30 |    52 ||    93
       Punch             |       |     1 |     6 ||     7
       Dagger            |       |       |     3 ||     3
Evoke: Wand              |       |     2 |       ||     2
  Use: Potion            |       |     3 |     6 ||     9
       Scroll            |       |     4 |     9 ||    13
 Stab: Sleeping          |     2 |     4 |    15 ||    21
       Invisible         |       |       |     2 ||     2
  Eat: Chunk             |       |     3 |    10 ||    13
Armor: Skin              |     1 |     5 |    64 ||    70
Dodge: Dodged            |    12 |    45 |    97 ||   154
Block: Shield            |    16 |    32 |   126 ||   174
       Rpst.: Long sword |     6 |    12 |    33 ||    51

Table legend:
 A = Non-vault XP
 B = Vault XP
 C = Vault XP percentage of total XP
 D = Non-vault monster count
 E = Vault monster count
 F = Vault count percentage of total count
 G = Total turns spent on level
                 A         B        C        D         E       F
            +---------+---------+-------+---------+---------+-------
      Total |    1616 |    1659 |  50.7 |      89 |      64 |  41.8
            +---------+---------+-------+---------+---------+-------
        D:1 |      35 |       0 |   0.0 |      19 |       0 |   0.0
        D:2 |     102 |     184 |  64.3 |      22 |      18 |  45.0
        D:3 |       5 |       0 |   0.0 |       2 |       0 |   0.0
        D:4 |     319 |     530 |  62.4 |      15 |       8 |  34.8
        D:5 |     358 |       0 |   0.0 |      13 |       0 |   0.0
        D:8 |     797 |     770 |  49.1 |      18 |      17 |  48.6
    Ossuary |       0 |     175 | 100.0 |       0 |      21 | 100.0
            +---------+---------+-------+---------+---------+-------
